 Dungeon Crawl Stone Soup version 0.25-a0-279-g53730b6a6f (webtiles) character file.

Game seed: 6928396574606721319, levelgen mode: deterministic

4 therealodie the Sneak (level 1, -1/12 HPs)
             Began as a Vampire Assassin on Dec 10, 2019.
             Slain by a rat (2 damage)
             ... on level 1 of the Dungeon.
             The game lasted 00:06:25 (157 turns).

therealodie the Sneak (Vampire Assassin)             Turns: 157, Time: 00:06:25

Health: -1/12      AC:  9    Str: 10    XL:     1   Next: 50%
Magic:  1/1        EV:  4    Int: 13    God:
Gold:   7          SH:  0    Dex: 15    Spells: 0/0 levels left

rFire    . . .     SeeInvis +   e - +2 dagger
rCold    + + .     Gourm    .   (no shield)
rNeg     + + +     Faith    .   j - +0 chain mail
rPois    ∞         Spirit   .   (no helmet)
rElec    .         Reflect  .   c - +0 cloak
rCorr    .         Harm     .   (no gloves)
MR       .....                  (no boots)
Stlth    ++........             (no amulet)
HPRegen  0.00/turn              (no ring)
MPRegen  0.07/turn              (no ring)

@: bloodless
A: no food, fangs 3, see invisible, unbreathing
a: Revivify


You were on level 1 of the Dungeon.
You were bloodless.

You visited 1 branch of the dungeon, and saw 1 of its levels.

You collected 7 gold pieces.

Inventory:

Hand Weapons
 e - a +2 dagger (weapon)
 h - a +0 hand axe
 i - a +0 short sword
 m - a +0 whip
Missiles
 a - 2 curare-tipped darts
 d - 8 poisoned darts (quivered)
Armour
 b - a +0 robe
 c - a +0 cloak (worn)
 j - a +0 chain mail (worn)
Scrolls
 f - 2 scrolls of identify {unknown}
 k - a scroll of enchant armour {unknown}
 l - a scroll of amnesia {unknown}
Potions
 g - 2 potions of curing {unknown}


   Skills:
 + Level 1.7 Fighting
 + Level 2.2 Short Blades
 + Level 1.5 Throwing
 + Level 1.1 Dodging
 + Level 6.2 Stealth


You couldn't memorise any spells.
You didn't know any spells.
Your spell library was empty.

Dungeon Overview and Level Annotations

Branches:
Dungeon (1/15)

Altars:


Innate Abilities, Weirdness & Mutations

You do not eat.
You do not regenerate when monsters are visible.
You are frail without blood (-20% HP).
You can heal yourself when you bite living creatures.
You are immune to poison.
You have razor-sharp teeth.
You have supernaturally acute eyesight. (SInv)
You can survive without breathing.


Message History

Found a ring mail.
Found 30 arrows.
Found a stone staircase leading down.
Found a ration.
A rat and a kobold come into view.
The kobold shouts!
You see here a ring mail.
The kobold hits you with a +0 whip.
* * * LOW HITPOINT WARNING * * *
You hit the kobold.
The kobold is moderately wounded.
The kobold hits you with a +0 whip.
* * * LOW HITPOINT WARNING * * *
You hit the kobold.
You kill the kobold!
Things that are here:
a +0 whip; a kobold corpse
m - a +0 whip The rat bites you.
You die...

.. #. #.#.# ...#.#
#.#.#
......#######.#.#######
......................(
..........[........####
#.##†##.#..#....#
#.##....#..###..####
#..........# #......
###@..##...# #..####
#r.....>.# #..####
#.............##.#
.....##.#####.#.#.
.......#.# ###..#..
.###...... ........
..###.# ###.##.# .[. .#
#. ## #


You could see a rat.

Vanquished Creatures
  2 kobolds (D:1)
  3 rats (D:1)
5 creatures vanquished.

Notes
Turn   | Place    | Note
-------+----------+-------------------------------------------
     0 | D:1      | therealodie the Vampire Assassin began the quest for the
                  | Orb.
     0 | D:1      | Reached XP level 1. HP: 16/16 MP: 1/1
    75 | D:1      | Reached skill level 6 in Stealth
   157 | D:1      | Slain by a rat

Levels and vault maps discovered:
D:1:      psy_arrival_fountain, layout_loops_ring, minmay_pentomino_p4

Skill      XL: |  1 |
---------------+----+-----
Stealth        | 6 |  6.2
Fighting       | |  1.7
Short Blades   | |  2.2
Throwing       | |  1.5
Dodging        | |  1.1

Action                   || total
-------------------------++-------
Melee: Dagger            ||    15
       Bite              ||     1
 Abil: Exsanguinate      ||     1
 Stab: Sleeping          ||     1
Armor: Robe              ||     2
Dodge: Dodged            ||     9

Table legend:
 A = Non-vault XP
 B = Vault XP
 C = Vault XP percentage of total XP
 D = Non-vault monster count
 E = Vault monster count
 F = Vault count percentage of total count
                 A         B        C        D         E       F
            +---------+---------+-------+---------+---------+-------
      Total |       2 |       4 |  66.7 |       1 |       4 |  80.0
            +---------+---------+-------+---------+---------+-------
        D:1 |       2 |       4 |  66.7 |       1 |       4 |  80.0
            +---------+---------+-------+---------+---------+-------
